 Dungeon Crawl Stone Soup version 0.25-a0-578-gc91f01c (webtiles) character file.

Game seed: 12063956435958384806, levelgen mode: deterministic

575 BlueFish the Slasher (level 7, -3/61 HPs)
             Began as a Minotaur Fighter on Mar 5, 2020.
             Was an Initiate of Yredelemnul.
             Killed by divine providence
             ... invoked by an orc priest
              (8 damage)
             ... on level 5 of the Dungeon.
             The game lasted 00:05:35 (3479 turns).

BlueFish the Slasher (Minotaur Fighter)             Turns: 3479, Time: 00:05:36

Health: -3/61      AC:  8    Str: 20    XL:     7   Next: 12%
Magic:  6/6        EV: 10    Int:  5    God:    Yredelemnul [......]
Gold:   184        SH:  0    Dex: 12    Spells: 6/6 levels left

rFire    . . .     SeeInvis .   a - +0 long sword
rCold    . . .     Gourm    .   l - +0 buckler
rNeg     . . .     Faith    .   b - +0 scale mail
rPois    .         Spirit   .   (helmet restricted)
rElec    .         Reflect  .   (no cloak)
rCorr    .         Harm     .   r - +0 pair of gloves
MR       .....                  (no boots)
Stlth    ..........             (no amulet)
HPRegen  0.20/turn              (no ring)
MPRegen  0.10/turn              (no ring)

@: confused
A: retaliatory headbutt, horns 2
a: Renounce Religion


You were on level 5 of the Dungeon.
You worshipped Yredelemnul.
Yredelemnul was noncommittal.
You were not hungry.

You visited 2 branches of the dungeon, and saw 6 of its levels.

You collected 184 gold pieces.

Inventory:

Hand Weapons
 a - a +0 long sword (weapon)
Armour
 b - a +0 scale mail (worn)
 c - a +0 kite shield
 l - a +0 buckler (worn)
 r - a +0 pair of gloves (worn)
 t - a cursed +0 ring mail
Scrolls
 h - 3 scrolls of noise
 i - 4 scrolls of teleportation
 s - 2 scrolls of blinking
Potions
 d - 7 potions of might
 e - a potion of lignification
 j - 3 potions of curing
 k - a potion of haste
 m - a potion of mutation {unknown}
 n - a potion of heal wounds {unknown}
 o - a potion of magic {unknown}
 p - a potion of stabbing {unknown}
Comestibles
 f - 11 rations


   Skills:
 * Level 5.5 Fighting
 * Level 6.5 Long Blades
 * Level 5.5 Armour
 + Level 0.9 Dodging
 * Level 4.5 Shields
 * Level 0.5 Invocations


You had 6 spell levels left.
You didn't know any spells.
Your spell library was empty.

Dungeon Overview and Level Annotations

Branches:
Dungeon (5/15)             Temple (1/1) D:5

Altars:
Ashenzari
Cheibriados
Dithmenos
Elyvilon
Fedhas
Gozag
Makhleb
Nemelex Xobeh
Okawaru
Qazlal
Ru
Sif Muna
Trog
Uskayaw
Vehumet
Wu Jian
Xom
Yredelemnul
Zin
The Shining One

Shops:
D:4 ?

Annotations:
D:3 1 runed translucent door, ew1980's ghost, amateur MiFi


Innate Abilities, Weirdness & Mutations

You reflexively headbutt those who attack you in melee.
You have a pair of horns on your head.


Message History

Something hits you.
* * * LOW HITPOINT WARNING * * *
The orc priest hits you with a +0 whip.
* * * LOW HITPOINT WARNING * * *
The orc priest invokes the aid of Beogh against you.
Beogh smites you!
* * * LOW HITPOINT WARNING * * *
You closely miss something.
You hear some strange, mumbled words.
A puff of flame appears from out of thin air!
The puff of flame hits you!
* * * LOW HITPOINT WARNING * * *
You miss something.
You hear some strange, mumbled words.
A magic dart appears from out of thin air!
The magic dart hits you but does no damage.
The orc priest mumbles some strange prayers to Beogh against you.
Beogh smites you!
You die...
Your body rises from the dead as a mindless zombie.

... ####.#### ....
### #.## .....
##.##.#.##
.....o####....###.##
.....o'......## ##.#
......####.oo.###.##
..... ##o##.#.##
.... #.###.## ...
#@# ### #+ #.# #.#
#.# >.# ###


You could see 2 orc priests and an orc wizard.

Vanquished Creatures
  An ogre (D:5)
  A howler monkey (D:4)
  A crimson imp (D:5)
  A hound (D:4)
  An orc priest (D:4)
  A bullfrog skeleton (D:4)
  2 iguanas (D:4)
  3 worker ants
  An orc wizard (D:4)
  3 gnolls (D:5)
  6 adders
  An ooze (D:3)
  An adder skeleton (D:4)
  2 worms (D:2)
  2 dart slugs
  6 leopard geckos
  7 orcs (D:4)
  2 giant cockroaches
  7 goblins
  7 hobgoblins
  3 jackals (D:2)
  A quokka (D:3)
  2 ball pythons
  8 bats
  4 frilled lizards
  5 kobolds
  A leopard gecko skeleton (D:4)
  A leopard gecko zombie (D:5)
  7 rats
88 creatures vanquished.

Notes
Turn   | Place    | Note
-------+----------+-------------------------------------------
     0 | D:1      | BlueFish the Minotaur Fighter began the quest for the Orb.
     0 | D:1      | Reached XP level 1. HP: 19/19 MP: 0/0
   286 | D:1      | Reached XP level 2. HP: 25/27 MP: 1/1
   425 | D:1      | Reached skill level 3 in Long Blades
   827 | D:2      | Reached XP level 3. HP: 33/34 MP: 2/2
  1676 | D:3      | Reached XP level 4. HP: 37/41 MP: 3/3
  1910 | D:3      | Reached skill level 4 in Long Blades
  2026 | D:3      | Found a runed translucent door.
  2028 | D:3      | Noticed ew1980's ghost (amateur MiFi)
  2029 | D:3      | Noticed a black bear
  2090 | D:3      | Found an ornate altar of the Wu Jian Council.
  2418 | D:4      | Found an opulent altar of Gozag.
  2425 | D:4      | Reached XP level 5. HP: 47/47 MP: 4/4
  2451 | D:4      | Reached skill level 5 in Long Blades
  2451 | D:4      | Reached skill level 5 in Armour
  2466 | D:4      | Reached skill level 5 in Fighting
  2504 | D:4      | Reached XP level 6. HP: 43/56 MP: 5/5
  2779 | D:4      | Found a stormy altar of Qazlal.
  2784 | D:4      | Found a glowing silver altar of Zin.
  2946 | D:4      | Found Miulilun's Magic Scroll Emporium.
  2991 | D:5      | Entered Level 5 of the Dungeon
  3017 | D:5      | Reached skill level 6 in Long Blades
  3061 | D:5      | Found a staircase to the Ecumenical Temple.
  3070 | Temple   | Entered the Ecumenical Temple
  3176 | Temple   | Became a worshipper of Yredelemnul the Dark
  3240 | D:5      | Reached XP level 7. HP: 34/61 MP: 6/6
  3478 | D:5      | HP: 1/61 [something/puff of flame (10)]
  3479 | D:5      | Killed from afar by an orc priest

Levels and vault maps discovered:
D:1:      giann_forest_graveyard, layout_loops_ring, minivault_25
D:2:      minmay_inner_zag, layout_basic
D:3:      layout_loops_ring, old_standard_altar, ebering_ghost_inner_flame
D:4:      layout_rooms, grunt_temple_overflow_open, serial_shops,
          nicolae_shop_competitors_out_of_business
D:5:      layout_loops_corners, minmay_temple_entry_junction, basic_altar,
          first_ration
Temple:   eino_temple_scatter_basement

Skill      XL: |  1  2  3  4  5  6 |
---------------+-------------------+-----
Fighting       | 4 5 |  5.5
Long Blades    | 3 4 5 6 |  6.5
Armour         | 4 5 |  5.5
Shields        | 4 |  4.5
Dodging        | |  0.9
Invocations    | |  0.5

Action                   |  1- 3 |  4- 6 |  7- 9 || total
-------------------------+-------+-------+-------++-------
Melee: Long sword        |    76 |    87 |    17 ||   180
       Headbutt          |    14 |    23 |       ||    37
  Use: Scroll            |     7 |     5 |       ||    12
       Potion            |       |       |     1 ||     1
  Eat: Chunk             |     2 |     5 |     1 ||     8
Armor: Scale mail        |    30 |    38 |    10 ||    78
Dodge: Dodged            |    30 |    40 |    11 ||    81
Block: Buckler           |     7 |    12 |     1 ||    20
       Rpst.: Long sword |     9 |    12 |     2 ||    23

Table legend:
 A = Non-vault XP
 B = Vault XP
 C = Vault XP percentage of total XP
 D = Non-vault monster count
 E = Vault monster count
 F = Vault count percentage of total count
                 A         B        C        D         E       F
            +---------+---------+-------+---------+---------+-------
      Total |     812 |      10 |   1.2 |      82 |       6 |   6.8
            +---------+---------+-------+---------+---------+-------
        D:1 |      32 |       0 |   0.0 |      19 |       0 |   0.0
        D:2 |      39 |      10 |  20.4 |      19 |       6 |  24.0
        D:3 |      71 |       0 |   0.0 |      12 |       0 |   0.0
        D:4 |     405 |       0 |   0.0 |      23 |       0 |   0.0
        D:5 |     265 |       0 |   0.0 |       9 |       0 |   0.0
            +---------+---------+-------+---------+---------+-------
